 Dungeon Crawl Stone Soup version 0.28.0-45-g0d030f2227 (webtiles) character file.

Game seed: 3755718528173115828

143708 CryoSword the Warrior (level 17, -2/201 HPs)
             Began as an Ogre Berserker on Apr 18, 2022.
             Was a High Priest of Trog.
             Slain by a tarantella (10 damage)
             ... on level 4 of the Spider Nest.
             The game lasted 01:06:53 (30311 turns).

CryoSword the Warrior (Ogre Berserker)             Turns: 30311, Time: 01:06:54

Health: -2/201     AC: 10    Str: 23 (25) XL:     17   Next: 38%
Magic:  18/18      EV: 11    Int:  5 (8)  God:    Trog [*****.]
Gold:   1938       SH:  0    Dex: 11 (14) Spells: 18/18 levels left

rFire   . . .      SeeInvis .   w - +6 giant club (flame)
rCold   . . .      Faith    .   (shield currently unavailable)
rNeg    . . .      Spirit   .   R - +1 robe of Vines {NoPotionHeal Regen++++}
rPois   .          Reflect  .   G - +2 hat
rElec   .          Harm     .   N - scarf {shadows}
rCorr   .          Rampage  .   (gloves unavailable)
Will    +....                   (boots unavailable)
Stlth   +.........              i - amulet of regeneration
HPRegen 4.43/turn               T - +4 ring of protection
MPRegen 0.16/turn               U - +4 ring of evasion

@: confused, spiked, held, slowed, very slow
A: large, unfitting armour, tough skin 1
a: Renounce Religion, Berserk, Trog's Hand, Brothers in Arms


You were on level 4 of the Spider Nest.
You worshipped Trog.
Trog was extremely pleased with you.
You visited 4 branches of the dungeon, and saw 27 of its levels.
You visited the Abyss 1 time.
You also visited: Ossuary, Gauntlet and Ice Cave.

You collected 2866 gold pieces.
You spent 928 gold pieces at shops.

Inventory:

Hand Weapons
 a - a +1 giant spiked club
   (You took it off a two-headed ogre on level 10 of the Dungeon)
 s - a +5 antimagic great mace
   (Trog gifted it to you on level 2 of the Lair of Beasts)
 w - a +6 giant club of flaming (weapon)
   (Trog gifted it to you on level 2 of the Orcish Mines)
Missiles
 b - 2 throwing nets
 e - 15 boomerangs (quivered)
 h - 4 curare-tipped darts
 j - 76 poisoned darts
 o - 9 javelins
 C - 22 large rocks
 O - 13 silver javelins
Armour
 G - a +2 hat (worn)
   (You took it off Gastronok on level 10 of the Dungeon)
 N - a scarf of shadows (worn)
   (You found it in a Gauntlet)
 R - the +1 robe of Vines (worn) {NoPotionHeal Regen++++}
   (You found it on level 5 of the Lair of Beasts)

   Its wearer cannot be healed by potions.
   Regen:     It increases your rate of health regeneration.
Jewellery
 i - an amulet of regeneration (around neck)
   (You found it on level 2 of the Dungeon)
 m - a ring of resist corrosion
   (You found it on level 11 of the Dungeon)
 F - a ring of protection from fire
   (You found it on level 15 of the Dungeon)
 P - a ring of ice
   (You found it in a Gauntlet)
 S - the ring "Ofebuoph" {rN+ Str+4}
   (You found it on level 6 of the Lair of Beasts)

   [ring of positive energy]

   Str:       It affects your strength (+4).
   rN:        It protects you from negative energy.
 T - a +4 ring of protection (left hand)
   (You bought it in a shop on level 2 of the Orcish Mines)
 U - a +4 ring of evasion (right hand)
   (You found it on level 2 of the Spider Nest)
Wands
 y - a wand of digging (12)
   (You found it on level 9 of the Dungeon)
 H - a wand of iceblast (29)
   (You found it on level 8 of the Dungeon)
 J - a wand of flame (25)
   (You found it on level 9 of the Dungeon)
Scrolls
 c - 13 scrolls of teleportation {@r4}
 d - 4 scrolls of fear
 k - 2 scrolls of silence
 p - 4 scrolls of enchant armour
 q - 2 scrolls of fog
 r - 2 scrolls of blinking
 B - 10 scrolls of identify {@r1}
 D - 2 scrolls of magic mapping
Potions
 f - 4 potions of might
 g - 5 potions of mutation {!q}
 l - 4 potions of haste {@q3}
 n - 11 potions of curing {@q1}
 t - a potion of heal wounds {@q2}
 u - 3 potions of attraction {!q}
 v - 6 potions of berserk rage
 x - 5 potions of lignification {!q}
 z - 4 potions of flight
 A - a potion of cancellation
 E - 4 potions of resistance
 I - 2 potions of magic
 K - a potion of invisibility
 M - 11 potions of ambrosia
Miscellaneous
 Q - a condenser vane
   (You found it on level 4 of the Lair of Beasts)


   Skills:
 + Level 20.0 Fighting
 * Level 19.7 Maces & Flails
 + Level 7.9 Throwing
 * Level 12.8 Dodging
 + Level 3.8 Stealth
 - Level 1.0 Spellcasting


You had 18 spell levels left.
You didn't know any spells.
Your spell library was empty.

Dungeon Overview and Level Annotations

Branches:
Dungeon (15/15)            Temple (0/1) D:5            Lair (6/6) D:10
 Shoals (0/4) Lair:4       Spider (4/4) Lair:4        Slime (0/5) Lair:6
    Orc (2/2) D:12            Elf (0/3) Orc:2        Vaults (0/5) D:13
 Depths (0/4) D:15        Ossuary (visited)           IceCv (visited)
Gauntlet (visited)

Altars:
Elyvilon
Gozag
Okawaru
Trog
Uskayaw
Wu Jian
Xom
Yredelemnul
The Shining One
Jiyva

Shops:
D:5 :   D:12 [(   D:14 :[   Orc:2 (=(*[

Annotations:
D:5 3 runed translucent doors, Tali's ghost, novice DsBe


Innate Abilities, Weirdness & Mutations

You are too large for most types of armour.
You have tough skin. (AC +1)


Message History

You recover from your berserk rage.
You start resting.
You see here 18 stones.
There is a stone staircase leading down here.
You climb downwards.
The tarantella hisses angrily.
You hear an angry hiss. x3
A demonic crawler comes into view.
There is a stone staircase leading up, spattered with blood here.
An orb spider comes into view.
The tarantella touches you.
You are confused.
The jumping spider leaps!
The tarantella touches you!
The tarantella touches you but does no damage.
You climb upwards.
There is a stone staircase leading down here.
Unknown command.
Unknown command.
You completely miss the tarantella. The tarantella barely misses you.
The tarantella closely misses you.
You bludgeon the tarantella!! You burn the tarantella.
You kill the tarantella!
Trog accepts your kill. The tarantella closely misses you.
The tarantella touches you!
You are more confused.
The tarantella barely misses you.
You bump into the rock wall.
The tarantella touches you but does no damage.
The tarantella closely misses you.
You bump into the rock wall.
The tarantella completely misses you. The tarantella touches you!
You are caught in the web!
The tarantella barely misses you.
There is a web here.
You disentangle yourself.
The tarantella closely misses you. x2
You closely miss the tarantella. The tarantella completely misses you.
You bludgeon the tarantella!! You burn the tarantella!
You kill the tarantella!
Trog accepts your kill.
You see here a tarantella corpse.
There is a stone staircase leading down here.
You start waiting.
You feel less confused.
You climb downwards.
The wolf spider hisses angrily.
The jumping spider closely misses you.
The jumping spider completely misses you.
The tarantella misses you. The tarantella closely misses you.
The steelbarb worm barely misses you.
The demonic crawler hits you but does no damage.
The demonic crawler misses you. The demonic crawler hits you.
Being near the torpor snail leaves you feeling lethargic.
The jumping spider pounces on you but does no damage.
The jumping spider bites you but does no damage.
The tarantella closely misses you. The tarantella touches you!
You are confused.
The steelbarb worm barely misses you.
The demonic crawler hits you but does no damage.
The demonic crawler closely misses you.
The demonic crawler completely misses you.
There is a stone staircase leading up, spattered with blood here.
Unknown command.
The spark wasp buzzes angrily.
The jumping spider pounces on you!
You are caught in a web!
The jumping spider bites you. The tarantella touches you.
The tarantella touches you!
The redback bites you but does no damage.
The jumping spider barely misses you. The jumping spider misses you.
The demonic crawler hits you but does no damage.
The demonic crawler hits you.
The demonic crawler hits you but does no damage.
The steelbarb worm hits you but does no damage.
The tarantella touches you. The tarantella touches you! The redback bites you!
You are poisoned.
The redback poisons you!
The jumping spider closely misses you. x2
The demonic crawler hits you! The demonic crawler barely misses you.
The demonic crawler hits you but does no damage.
In your confused state, you trip and fall back down the stairs.
You feel less confused.
You feel extremely sick.
The tarantella touches you but does no damage.
The wolf spider hits you. The wolf spider misses you.
The tarantella closely misses you.
A redback comes into view.
The steelbarb worm hits you!!
* * * LOW HITPOINT WARNING * * *
Barbed spikes become lodged in your body.
The redback bites you but does no damage.
The jumping spider pounces on you but does no damage.
The jumping spider bites you but does no damage.
The tarantella touches you!
* * * LOW HITPOINT WARNING * * *
You are confused.
The tarantella touches you!
* * * LOW HITPOINT WARNING * * *
You are more confused.
The demonic crawler barely misses you. The demonic crawler hits you.
* * * LOW HITPOINT WARNING * * *
The demonic crawler completely misses you.
The wolf spider hits you!
* * * LOW HITPOINT WARNING * * *
The wolf spider bites you but does no damage.
The steelbarb worm hits you!
* * * LOW HITPOINT WARNING * * *
Barbed spikes become lodged in your body.
The redback bites you!
* * * LOW HITPOINT WARNING * * *
You are more poisoned.
The redback poisons you! The jumping spider pounces on you.
* * * LOW HITPOINT WARNING * * *
The jumping spider bites you but does no damage.
The tarantella barely misses you. The demonic crawler barely misses you.
The demonic crawler closely misses you. The demonic crawler hits you.
* * * LOW HITPOINT WARNING * * *
The tarantella touches you but does no damage.
The wolf spider hits you.
* * * LOW HITPOINT WARNING * * *
The wolf spider bites you but does no damage.
Unknown command.
Unknown command.
Unknown command.
Okay, then.
You are too confused!
Unknown command.
Your system rejects the healing.
You feel better.
A jumping spider comes into view.
The redback barely misses you.
The steelbarb worm hits you but does no damage.
The jumping spider leaps!
The tarantella barely misses you. The tarantella touches you.
* * * LOW HITPOINT WARNING * * *
You are confused.
The wolf spider hits you but does no damage.
The wolf spider bites you!
* * * LOW HITPOINT WARNING * * *
The demonic crawler closely misses you.
The demonic crawler hits you but does no damage.
The demonic crawler hits you.
* * * LOW HITPOINT WARNING * * *
The redback barely misses you.
The jumping spider leaps!
The steelbarb worm hits you!!
* * * LOW HITPOINT WARNING * * *
Barbed spikes become lodged in your body.
A wolf spider comes into view.
The tarantella touches you.
* * * LOW HITPOINT WARNING * * *
You are more confused.
The tarantella touches you!
You die...

.......... .......ww.
...$..................^
.......................
......s..^.............
...w.s.................
.!....$......
...w.yws.....
(...ss@s.....
..............w.ss..$..
.......................
......s.....$^........s
.........s.s......^....
..^.....y.s........°...
.^...................^.
......<......
/............


You could see 2 steelbarb worms, a spark wasp, 2 torpor snails, a demonic
crawler, 3 wolf spiders, an orb spider, 2 jumping spiders, 2 tarantellas and 2
redbacks.

Vanquished Creatures
  Rupert (Lair:4)
  Gastronok (D:10)
  7 emperor scorpions
  An orc warlord (Orc:2)
  3 ghost moths
  3 broodmothers (Spider:3)
  3 entropy weavers
  2 spark wasps
  A minotaur (Gauntlet)
  Snorg (Orc:1)
  A blizzard demon (Gauntlet)
  A fire dragon (D:15)
  12 hydras
  An ice dragon (D:15)
  A vault guard (D:13)
  2 jorogumos
  7 boulder beetles
  4 centaur warriors
  A catoblepas (Lair:6)
  7 two-headed ogres
  11 death yaks (Lair:6)
  4 orc high priests (Orc:2)
  5 pharaoh ants
  A sixfirhy (Abyss:2)
  2 sun moths
  2 orb spiders (Spider:1)
  3 steelbarb worms (Spider:3)
  16 ugly things
  2 wizards (D:13)
  3 orc knights (Orc:2)
  6 cyclopes
  2 oklob plants (Lair:5)
  3 necromancers
  3 manticores
  10 wolf spiders
  A deep elf zephyrmancer (D:6)
  3 orc sorcerers (Orc:2)
  2 moths of wrath (Spider:3)
  8 elephants
  3 black mambas
  An eye of devastation (Gauntlet)
  7 cane toads
  A kobold demonologist (D:14)
  A torpor snail (Spider:1)
  3 rime drakes
  7 komodo dragons
  An efreet (D:15)
  An entropy weaver simulacrum (IceCv)
  A yaktaur (D:13)
  2 freezing wraiths (D:15)
  A tengu conjurer (D:13)
  6 demonic crawlers
  An ice devil (Gauntlet)
  8 polar bears
  A queen bee (Lair:3)
  2 burning bushes (Lair:1)
  4 hornets (Lair:6)
  6 trolls
  14 tarantellas
  10 blink frogs
  3 meliai (Spider:1)
  2 raiju (Abyss:2)
  15 slime creatures
  A meliai zombie (D:11)
  19 jumping spiders
  17 dream sheep
  A snapping turtle (Lair:4)
  2 shadows (D:10)
  A spriggan (shapeshifter) (D:15)
  3 wyverns
  11 culicivoras
  12 spriggans (Lair:6)
  3 wraiths
  47 yaks
  6 basilisks
  19 humans (D:13)
  A death yak simulacrum (Lair:1)
  8 vampire mosquitoes
  A redback simulacrum (D:15)
  32 redbacks
  6 wargs
  2 steam dragons
  Edmund (D:4)
  2 acid dragons
  2 floating eyes (Gauntlet)
  13 water moccasins
  An ice beast (D:7)
  22 orc warriors
  2 sky beasts
  A black bear (Lair:6)
  A necrophage (D:6)
  4 ogres
  44 wolves
  2 boggarts (Lair:6)
  5 centaurs
  Blork the orc (D:6)
  3 elf zombies (D:5)
  8 kobold brigands
  16 bullfrogs
  2 gnoll sergeants
  2 scorpions
  A glowing shapeshifter simulacrum (IceCv)
  3 water moccasin zombies (Ossuary)
  A wyvern skeleton (D:7)
  2 elf skeletons (D:5)
  39 killer bees
  5 howler monkeys
  2 electric eels (D:10)
  3 centaur zombies
  2 bullfrog zombies
  5 hounds
  A human zombie (D:5)
  7 orc priests
  6 jellies
  An iguana (D:5)
  10 orc wizards
  A human skeleton (D:5)
  6 hell rats
  3 wolf simulacra (Lair:1)
  2 mummies (Ossuary)
  A howler monkey zombie (D:7)
  12 gnolls
  5 adders
  10 river rats (D:8)
  A shadow imp (D:7)
  2 white imps
  8 adder zombies (Ossuary)
  A worm (D:2)
  3 dart slugs
  39 orcs
  8 bats
  9 endoplasms
  3 giant cockroaches
  5 hobgoblins
  5 jackals
  20 kobolds
  10 quokkas
  2 ball pythons (D:2)
  9 frilled lizards
  2 gnoll zombies (Ossuary)
  6 goblins
  8 hobgoblin zombies (Ossuary)
  3 kobold zombies (Ossuary)
  2 orc skeletons (D:5)
  4 orc zombies
  21 rats
871 creatures vanquished.

Vanquished Creatures (others)
  3 bushes (D:11)
  59 fungi
  48 plants
  8 toadstools (D:6)
  A withered plant (Gauntlet)
119 creatures vanquished.

Grand Total: 990 creatures vanquished

Notes
Turn   | Place    | Note
-------+----------+-------------------------------------------
     0 | D:1      | CryoSword the Ogre Berserker began the quest for the Orb.
     0 | D:1      | Reached XP level 1. HP: 24/24 MP: 1/1
   215 | D:1      | Reached XP level 2. HP: 28/32 MP: 2/2
   798 | D:1      | Found a faded altar of an unknown god.
   841 | D:1      | Reached XP level 3. HP: 40/40 MP: 3/3
  1841 | D:2      | HP: 3/60 [gnoll/+0 halberd (14)]
  1846 | D:2      | Reached XP level 4. HP: 5/49 MP: 4/4
  2853 | D:2      | Reached skill level 5 in Fighting
  3816 | D:4      | Reached ** piety under Trog
  3817 | D:4      | Reached XP level 5. HP: 41/57 MP: 5/5
  4038 | D:4      | Noticed Edmund
  4080 | D:4      | Killed Edmund
  4081 | D:4      | Reached XP level 6. HP: 50/66 MP: 6/6
  4203 | D:4      | Found a bloodstained altar of Trog.
  4387 | D:4      | Found a shimmering altar of Xom.
  4426 | D:5      | Entered Level 5 of the Dungeon
  4426 | D:5      | Found an opulent altar of Gozag.
  4467 | D:5      | Reached skill level 5 in Maces & Flails
  4585 | D:5      | Found Guzeduli's Book Shop.
  4684 | D:5      | Found a runed translucent gate.
  4684 | D:5      | Found a runed translucent gate.
  4685 | D:5      | Found a runed translucent gate.
  4710 | D:5      | Reached skill level 6 in Fighting
  4721 | D:5      | Reached XP level 7. HP: 66/75 MP: 7/7
  4741 | D:5      | Found a sand-covered staircase.
  4759 | Ossuary  | Entered an ossuary
  5015 | D:5      | Reached skill level 7 in Fighting
  5015 | D:5      | Reached XP level 8. HP: 74/87 MP: 8/8
  5044 | D:5      | Reached *** piety under Trog
  5130 | D:5      | Found a staircase to the Ecumenical Temple.
  5148 | D:5      | Reached skill level 5 in Dodging
  5375 | D:5      | Found a hide-covered altar of Uskayaw.
  5619 | D:5      | Found a white marble altar of Elyvilon.
  5647 | D:5      | Noticed Tali's ghost (novice DsBe)
  5717 | D:5      | Reached skill level 8 in Fighting
  5730 | D:5      | Found an ornate altar of the Wu Jian Council.
  5942 | D:6      | You fall into a shaft and drop 3 floors!
  5970 | D:9      | Noticed a two-headed ogre
  6005 | D:9      | Killed a two-headed ogre
  6006 | D:9      | Reached XP level 9. HP: 97/97 MP: 9/9
  6618 | D:6      | Reached skill level 9 in Fighting
  7162 | D:6      | Found a basalt altar of Yredelemnul.
  7259 | D:6      | Noticed Blork the orc
  7263 | D:6      | Killed Blork the orc
  7681 | D:6      | Reached XP level 10. HP: 89/110 MP: 10/10
  7734 | D:6      | Reached skill level 10 in Fighting
  8081 | D:6      | Noticed a deep elf zephyrmancer
  8085 | D:6      | Killed a deep elf zephyrmancer
  8334 | D:7      | Reached skill level 10 in Maces & Flails
  8337 | D:7      | Reached **** piety under Trog
  8480 | D:7      | Found a glowing golden altar of the Shining One.
  9118 | D:8      | Found an iron altar of Okawaru.
  9770 | D:9      | Reached skill level 11 in Fighting
 10202 | D:9      | Reached XP level 11. HP: 88/120 MP: 11/11
 10217 | D:9      | Reached ***** piety under Trog
 10694 | D:10     | Entered Level 10 of the Dungeon
 11325 | D:10     | Noticed Gastronok
 11346 | D:10     | Killed Gastronok
 11347 | D:10     | Reached skill level 12 in Fighting
 11390 | D:10     | Noticed a two-headed ogre
 11398 | D:10     | Killed a two-headed ogre
 11555 | D:10     | Noticed a centaur warrior
 11570 | D:10     | Killed a centaur warrior
 11748 | D:10     | Found a staircase to the Lair.
 11988 | D:10     | Noticed a two-headed ogre
 12001 | D:10     | Killed a two-headed ogre
 12264 | D:11     | Noticed a two-headed ogre
 12277 | D:11     | Killed a two-headed ogre
 12289 | D:11     | Reached skill level 13 in Fighting
 12447 | D:11     | Noticed a green ugly thing
 12522 | D:11     | Reached XP level 12. HP: 136/136 MP: 12/12
 13407 | D:12     | Noticed a two-headed ogre
 13422 | D:12     | Killed a two-headed ogre
 13484 | D:12     | Found Juxkonep's Armour Shoppe.
 13485 | D:12     | Noticed a boulder beetle
 13602 | D:12     | Found a staircase to the Orcish Mines.
 13691 | D:12     | Noticed a five-headed hydra
 13697 | D:12     | Killed a five-headed hydra
 13768 | D:12     | Identified the +2 chain mail "Nocze" {-Tele rElec rPois
                  | rN+}
 13827 | D:12     | Reached skill level 14 in Fighting
 13858 | D:12     | Found Wexof's Weapon Shoppe.
 14314 | D:12     | Found Juxkonep's Armour Shoppe.
 14314 | D:12     | Found a staircase to the Orcish Mines.
 14316 | D:12     | Found Wexof's Weapon Shoppe.
 14409 | D:12     | Killed a boulder beetle
 14977 | Lair:1   | Entered Level 1 of the Lair of Beasts
 15203 | Lair:1   | Found a frozen archway.
 15279 | IceCv    | Entered an ice cave
 16054 | Lair:2   | Noticed a six-headed hydra
 16070 | Lair:2   | Killed a six-headed hydra
 16071 | Lair:2   | Reached skill level 15 in Fighting
 16071 | Lair:2   | Reached XP level 13. HP: 149/149 MP: 13/13
 16195 | Lair:2   | Reached skill level 15 in Maces & Flails
 16844 | Lair:2   | Received a gift from Trog
 17310 | Lair:3   | Reached skill level 16 in Fighting
 17665 | Lair:3   | You fall into a shaft and drop 3 floors!
 17665 | Lair:6   | Entered Level 6 of the Lair of Beasts
 17951 | Lair:6   | Reached XP level 14. HP: 130/163 MP: 14/14
 18038 | Lair:6   | Reached skill level 17 in Fighting
 18138 | Lair:6   | Found a gate leading to a gauntlet.
 18149 | Gauntlet | Entered a Gauntlet
 18149 | Gauntlet | Found a transporter.
 18149 | Gauntlet | Found a transporter.
 18149 | Gauntlet | Found a transporter.
 18159 | Gauntlet | Found a transporter.
 18162 | Gauntlet | Found a transporter.
 18166 | Gauntlet | Found a runed translucent door.
 18166 | Gauntlet | Found a runed translucent door.
 18170 | Gauntlet | Found a transporter.
 18173 | Gauntlet | Found a transporter.
 18186 | Gauntlet | Found a transporter.
 18199 | Gauntlet | Found a transporter.
 18217 | Gauntlet | Found a transporter.
 18220 | Gauntlet | Found a transporter.
 18232 | Gauntlet | Found a transporter.
 18444 | Gauntlet | Received a gift from Trog
 19960 | Lair:4   | Noticed Rupert
 19978 | Lair:4   | Killed Rupert
 20160 | Lair:4   | Found a hole to the Spider Nest.
 20273 | Lair:4   | Reached skill level 18 in Fighting
 20380 | Lair:4   | Found a staircase to the Shoals.
 20770 | Lair:5   | Found the +1 robe of Vines {NoPotionHeal Regen++++}
 21442 | Lair:6   | Reached XP level 15. HP: 174/178 MP: 15/15
 21484 | Lair:6   | Identified the ring "Ofebuoph" {rN+ Str+4}
 21613 | Lair:6   | Received a gift from Trog
 21802 | Lair:6   | Found a staircase to the Slime Pits.
 21802 | Lair:6   | Found a viscous altar of Jiyva.
 22407 | D:13     | Reached skill level 10 in Dodging
 22547 | D:13     | Reached skill level 1 in Spellcasting
 22777 | D:13     | Reached skill level 1 in Throwing
 22835 | D:13     | Cast into level 2 of the Abyss (a wizard)
 23024 | D:13     | Escaped the Abyss
 23098 | D:13     | Found a gate to the Vaults.
 23935 | D:14     | Found Emixo's Armour Boutique.
 24285 | D:14     | Found Moerys's Self-Improvement Boutique.
 24394 | D:14     | Identified the +2 robe of Springtime {rCorr Dex+2}
 24443 | D:15     | Entered Level 15 of the Dungeon
 24662 | D:15     | Found a staircase to the Depths.
 24690 | D:15     | Reached skill level 19 in Fighting
 25023 | D:15     | Reached skill level 5 in Throwing
 25023 | D:15     | Reached XP level 16. HP: 173/189 MP: 17/17
 25539 | Orc:1    | Entered Level 1 of the Orcish Mines
 25571 | Orc:1    | Noticed Snorg
 25579 | Orc:1    | Killed Snorg
 25843 | Orc:2    | Entered Level 2 of the Orcish Mines
 25843 | Orc:2    | Found Deizxoub's Antique Armour Emporium.
 25850 | Orc:2    | Received a gift from Trog
 25920 | Orc:2    | Found Ystradghai's Weapon Emporium.
 26002 | Orc:2    | Found Pome's Antique Weapon Shop.
 26006 | Orc:2    | Reached skill level 1 in Stealth
 26113 | Orc:2    | Found a staircase to the Elven Halls.
 26172 | Orc:2    | Found Xyshyrur's Jewellery Boutique.
 26199 | Orc:2    | Found Saci's General Store.
 26246 | Orc:2    | Bought 2 potions of berserk rage for 150 gold pieces
 26246 | Orc:2    | Bought 2 potions of lignification for 90 gold pieces
 26246 | Orc:2    | Bought a scroll of enchant weapon for 112 gold pieces
 26261 | Orc:2    | Bought a +4 ring of protection for 576 gold pieces
 26662 | Spider:1 | Entered Level 1 of the Spider Nest
 27314 | Spider:1 | Received a gift from Trog
 28100 | Spider:2 | You fall into a shaft and drop 1 floor!
 28662 | Spider:3 | Reached XP level 17. HP: 191/200 MP: 18/18
 29288 | Spider:3 | Paralysed by a jorogumo for 1 turns
 30007 | Spider:4 | Entered Level 4 of the Spider Nest
 30062 | Spider:3 | Reached skill level 20 in Fighting
 30311 | Spider:4 | HP: 8/201 [tarantella[a torpor snail] (3)]
 30311 | Spider:4 | Slain by a tarantella

Illustrated notes

Levels and vault maps discovered:
D:1:      dpeg_arrival_ternary, layout_basic,
          shapermc_ecumenical_altar_mp_vishouse
D:2:      minmay_door_path, layout_basic, minmay_diced_spiral
D:3:      layout_basic, dk_vineyard_1
D:4:      layout_basic, mainiacjoe_overflow_cross_hatched,
          nicolae_overflow_hidden_temple, uniq_edmund
D:5:      layout_basic, nicolae_wu_jian_immortal_techniques,
          grunt_gozag_statues, kennysheep_little_box,
          eat_drink_and_be_merry_uskayaw, minmay_temple_entry_arrows,
          serial_shops, nicolae_shop_hallway_stairs,
          nicolae_ossuary_entry_catacombs, gammafunk_ghost_necromancy,
          nicolae_underground_beach
D:6:      cheibrodos_fertilizer, layout_basic, kennysheep_mini, minivault_27,
          guppyfry_early_elven_hall, uniq_blork_the_orc
D:7:      layout_loops_cross, lemuel_tele_altar
D:8:      lemuel_ratsnest, layout_loops_cross, amcnicky_altar_gilded
D:9:      layout_loops_corners, minmay_fractal_squares_5
D:10:     layout_basic, erik_lair_island, small_statue_intersection,
          minivault_25, chequers_serial_rivers_small_a, uniq_gastronok
D:11:     minmay_weird_star, layout_irregular_city, minmay_hedge_maze
D:12:     layout_roguey, orc_david_3
D:13:     layout_stronghold, grunt_vaults_entry_tiered, nicolae_wwwww
D:14:     layout_roguey, serial_shops, shop, wad_floor_pattern_2,
          amethyst_killhole, nicolae_shop_self_help
D:15:     grunt_enter_depths_hoard, layout_stronghold, lemuel_old_faithful
Lair:1:   layout_roguey, portal_ice_cave_entry_ice_simulacra, evilmike_ambush
          [evilmike_ambush_outer_doors, evilmike_ambush_inner_basic]
Lair:2:   layout_cave_pods, beast_lair_carwin_4
Lair:3:   layout_roguey [special_room_bee], grunt_megastairs_1
Lair:4:   layout_misc_corridors, minmay_shoals_entry_hut, dummy_spider_entry,
          nicolae_quartered_pool_medium, uniq_rupert
Lair:5:   statuecave_lemuel, layout_hall_layers, hellmonk_guarded_unrand_vines,
          lemuel_fruit_tree
Lair:6:   minmay_lair_end_enchanted_forest, layout_regular_city, slime_altar_1,
          gauntlet_entry_generic, patterned_corridor
Spider:1: layout_spider_delve, nicolae_spider_nooks_and_crannies
Spider:2: layout_spider_delve
Spider:3: layout_chambers, nicolae_spider_scorpion_nest
Spider:4: spider_rune_water, uniq_arachne
Orc:1:    layout_caves, uniq_snorg
Orc:2:    grunt_orc_gardens, layout_caves, grunt_orc_garden, grunt_orc_garden,
          grunt_orc_garden, grunt_orc_garden, serial_shops, shop

Skill      XL: |  1  2  3  4  5  6  7  8  9 10 11 12 13 14 15 16 17 |
---------------+----------------------------------------------------+-----
Maces & Flails | 3 4 5 6 8 9 11 12 14 16 18 19 | 19.7
Dodging        | 3 4 6 8 9 11 12 | 12.8
Fighting       | 5 6 7 8 9 11 13 15 16 18 19 20 | 20.0
Spellcasting   | 1 |  1.0
Throwing       | 5 7 |  7.9
Stealth        | 3 |  3.8

Action                   |  1- 3 |  4- 6 |  7- 9 | 10-12 | 13-15 | 16-18 || total
-------------------------+-------+-------+-------+-------+-------+-------++-------
Melee: Mace              |   109 |    79 |       |       |       |       ||   188
       Punch             |     2 |       |     5 |    12 |    19 |       ||    38
       Flail             |       |    43 |   304 |   707 |       |       ||  1054
       Demon whip        |       |       |       |    45 |  1052 |       ||  1097
       Great mace        |       |       |       |       |    10 |       ||    10
       Giant club        |       |       |       |       |   298 |   525 ||   823
Throw: Boomerang         |       |       |       |    15 |       |       ||    15
       Dart              |       |       |       |     2 |       |       ||     2
       Javelin           |       |       |       |       |     2 |     2 ||     4
Invok: Berserk           |     2 |     2 |     6 |    15 |    13 |    13 ||    51
       Trog's Hand       |       |     1 |     2 |     7 |    15 |     5 ||    30
       Brothers in Arms  |       |       |       |       |     2 |       ||     2
Evoke: Wand              |       |       |       |     2 |     1 |       ||     3
  Use: Scroll            |       |     5 |     4 |    21 |     4 |     1 ||    35
       Potion            |       |       |       |       |     2 |     1 ||     3
 Stab: Sleeping          |     1 |       |     1 |       |     2 |     1 ||     5
       Distracted        |       |       |       |     1 |     1 |     1 ||     3
Armor: Animal skin       |    68 |    25 |    44 |    53 |       |       ||   190
       Troll leather arm |       |       |       |    65 |   145 |       ||   210
       Robe              |       |       |       |       |    99 |   203 ||   302
Dodge: Dodged            |   120 |    54 |   114 |   377 |   643 |   573 ||  1881
